 Dungeon Crawl Stone Soup version 0.27.1-4-g1640c2035a (webtiles) character file.

Game seed: 4568847764033881663

331 Stomo444 the Grave Robber (level 6, 0/32 HPs)
             Began as a Vine Stalker Necromancer on Nov 12, 2021.
             Slain by a killer bee (3 damage)
             ... on level 5 of the Dungeon.
             The game lasted 00:07:14 (4979 turns).

Stomo444 the Grave Robber (VSNe)                    Turns: 4979, Time: 00:07:14

Health: 0/32       AC:  0    Str: 12    XL:     6   Next: 51%
Magic:  0/12       EV: 13    Int: 15    God:
Gold:   188        SH:  0    Dex: 15    Spells: 7/11 levels left

rFire    . . .     SeeInvis .   g - +0 mace
rCold    . . .     Faith    .   (no shield)
rNeg     . . .     Spirit   +   a - +0 robe
rPois    .         Reflect  .   (no helmet)
rElec    .         Harm     .   (no cloak)
rCorr    .         Rampage  .   (no gloves)
Will     .....                  l - +1 pair of boots
Stlth    ++........             e - amulet of regeneration
HPRegen  2.10/turn              (no ring)
MPRegen  0.13/turn              (no ring)

@: lethally poisoned (0 -> 0), corroded
A: fangs 2, regeneration 1, magic shield, antimagic bite, no potion heal 2
a: no special abilities


You were on level 5 of the Dungeon.
You visited 1 branch of the dungeon, and saw 5 of its levels.

You collected 188 gold pieces.

Inventory:

Hand Weapons
 g - a +0 mace (weapon)
Armour
 a - a +0 robe (worn)
 l - a +1 pair of boots (worn)
Jewellery
 e - an amulet of regeneration (around neck)
Wands
 o - a wand of flame (11)
Scrolls
 f - a scroll of summoning
 h - a scroll of amnesia {unknown}
 j - a scroll of teleportation
 k - a scroll of identify {unknown}
 m - 2 scrolls of magic mapping
 n - 2 scrolls of noise {unknown}
 q - a scroll of blinking {unknown}
Potions
 b - a potion of haste {unknown}
 c - 2 potions of curing
 i - 2 potions of might {unknown}
 p - 2 potions of brilliance {unknown}


   Skills:
 + Level 2.8 Fighting
 + Level 3.4 Dodging
 + Level 2.6 Stealth
 - Level 3.4 Spellcasting
 - Level 4.8 Necromancy


You had 7 spell levels left.
You knew the following spells:

 Your Spells              Type           Power      Damage    Failure   Level
a - Pain                  Necr           68%        1d7       2%          1
b - Vampiric Draining     Necr           8%         2d7       8%          3

Your spell library contained the following spells:

 Spells                   Type           Power      Damage    Failure   Level
 Animate Skeleton         Necr           34%        N/A       2%          1
 Apportation              Tloc           4%         N/A       19%         1
 Animate Dead             Necr           8%         N/A       26%         4
 Blink                    Tloc           N/A        N/A       28%         2
 Lesser Beckoning         Tloc           1%         N/A       50%         3
 Agony                    Necr           17%        N/A       58%         5
 Alistair's Intoxication  Tmut/Pois      1%         N/A       99%         5
 Manifold Assault         Tloc           2%         N/A       99%         5
 Invisibility             Hex            1%         N/A       100%        6


Dungeon Overview and Level Annotations

Branches:
Dungeon (5/15)
 Temple: D:4-7

Altars:
Dithmenos
Trog

Annotations:
D:3 1 runed translucent door, MoonRat's ghost, amateur DsCj


Innate Abilities, Weirdness & Mutations

You have extremely sharp teeth.
Your natural rate of healing is unusually fast.
When hurt, damage is shared between your health and your magic reserves.
Your bite disrupts and absorbs the magic of your enemies.
Potions cannot restore your health.


Message History

Your surroundings suddenly seem different.
An adder and a jelly come into view.
Found 14 bolts.
Found a stone staircase leading down.
You feel very sick.
Found 15 bolts and a thick runed staff.
You feel sick.
The jelly quivers.
You feel sick. The jelly barely misses you.
You see here 14 bolts.
You feel sick. The jelly hits you but does no damage.
You feel sick. The jelly hits you. The acid corrodes you!
You are splashed with acid!
You feel sick.
You feel sick.
Found 17 stones.
You feel sick.
You are no longer poisoned.
The killer bee closely misses you.
There is a stone staircase leading down here.
The killer bee barely misses you. The killer bee stings you.
You are poisoned.
The killer bee poisons you! The jelly hits you. The acid corrodes you!
You are splashed with acid.
You climb downwards.
You feel sick.
Found a wand of flame (9).
There is a stone staircase leading up here.
You feel sick. The killer bee closely misses you. The jelly barely misses you.
The killer bee barely misses you.
You feel sick. The killer bee stings you.
* * * LOW HITPOINT WARNING * * *
You feel sick.
You feel sick. The killer bee closely misses you.
You feel sick.
You are no longer poisoned.
The killer bee stings you!
* * * LOW HITPOINT WARNING * * *
You are poisoned.
The killer bee poisons you!
You feel sick. The killer bee closely misses you.
An orc and an orc wizard come into view.
You feel sick. The killer bee stings you.
You die...

.# .# ###
#.### ... ....
#.# ..# #.#
##..# #.#
#<..# #.#
###...###
##@###.......#
#..y.J...../.#
#.####.......#
#. ###...###
#. #...# #.
##### #o #o


You could see a jelly, a killer bee, an orc wizard (asleep) and an orc (asleep).

Vanquished Creatures
  2 killer bees (D:4)
  A jelly (D:4)
  Ijyb (D:3)
  2 gnolls (D:2)
  6 adders
  3 worms
  A dart slug (D:1)
  8 endoplasms
  2 giant cockroaches (D:3)
  17 goblins
  9 hobgoblins
  7 jackals
  2 quokkas
  13 ball pythons
  5 bats
  2 frilled lizards
  8 kobolds
  8 rats
97 creatures vanquished.

Notes
Turn   | Place    | Note
-------+----------+-------------------------------------------
     0 | D:1      | Stomo444 the Vine Stalker Necromancer began the quest for
                  | the Orb.
     0 | D:1      | Reached XP level 1. HP: 9/9 MP: 4/4
   288 | D:1      | Reached XP level 2. HP: 8/14 MP: 0/6
   429 | D:1      | Reached skill level 1 in Fighting
   522 | D:1      | Found a faded altar of an unknown god.
   522 | D:1      | Noticed a red devil
   522 | D:1      | You fall into a shaft and drop 1 floor!
  1634 | D:1      | Reached XP level 3. HP: 18/18 MP: 4/7
  2425 | D:2      | Gained mutation: Your natural rate of healing is unusually
                  | fast. [Vine Stalker growth]
  2425 | D:2      | Reached XP level 4. HP: 23/23 MP: 4/8
  2828 | D:3      | Noticed MoonRat's ghost (amateur DsCj)
  2831 | D:3      | Found a runed translucent door.
  3232 | D:3      | Found a shadowy altar of Dithmenos.
  3232 | D:3      | Found a bloodstained altar of Trog.
  3769 | D:3      | Reached XP level 5. HP: 26/27 MP: 0/9
  3861 | D:3      | Noticed Ijyb
  3892 | D:3      | Killed Ijyb
  4728 | D:4      | Reached XP level 6. HP: 17/32 MP: 2/12
  4874 | D:4      | Learned a level 3 spell: Vampiric Draining
  4972 | D:5      | Entered Level 5 of the Dungeon
  4979 | D:5      | Slain by a killer bee

Illustrated notes

Levels and vault maps discovered:
D:1:      minmay_arrival_pointy, layout_rooms,
          dreamdust_ecumenical_altar_sealed_demon,
          amcnicky_mini_corridor_feature
D:2:      layout_basic, serial_forest, infiniplex_forest_lined_3,
          infiniplex_forest_clump_small, infiniplex_forest_clump_medium,
          infiniplex_forest_lined_3, infiniplex_forest_lined_2, minmay_unequal
D:3:      kennysheep_goblin_castle, layout_basic,
          mainiacjoe_overflow_large_starburst, ebering_ghost_inner_flame
D:4:      layout_basic, minmay_snake_closets
D:5:      layout_loops_ring, gammafunk_temple_overflow_statue,
          lemuel_crystal_altar, uniq_pikel, uniq_crazy_yiuf_cottage,
          uniq_menkaure

Skill      XL: |  1  2  3  4  5 |
---------------+----------------+-----
Fighting       | 1 2 |  2.8
Dodging        | 2 3 |  3.4
Spellcasting   | 3 |  3.4
Stealth        | |  2.6
Necromancy     | |  4.8

Action                   |  1- 3 |  4- 6 || total
-------------------------+-------+-------++-------
Melee: Unarmed           |    21 |       ||    21
       Bite              |    13 |    13 ||    26
       Mace              |    19 |    62 ||    81
 Cast: Pain              |    74 |   106 ||   180
       Vampiric Draining |       |     2 ||     2
  Use: Scroll            |       |     4 ||     4
       Potion            |       |     1 ||     1
Armor: Robe              |     8 |    13 ||    21
Dodge: Dodged            |    33 |    94 ||   127
